 Dungeon Crawl Stone Soup version 0.32-a0-933-ga8fa3634e4 (webtiles) character file.

Game seed: 1678921123317878595

189052 whatisthis the Eclecticist (level 17, -2/108 HPs)
             Began as a Deep Elf Air Elementalist on Apr 14, 2024.
             Was an Elder of Sif Muna.
             Killed from afar by a thermic dynamo (36 damage)
             ... with a rebounding bolt of cold
             ... on level 1 of the Elven Halls.
             The game lasted 02:13:32 (45334 turns).

whatisthis the Eclecticist (DEAE)                  Turns: 45334, Time: 02:13:32

Health: -2/108     AC: 15    Str:  5    XL:     17   Next: 49%
Magic:  22/52      EV:  9    Int: 29    God:    Sif Muna [****..]
Gold:   1264       SH:  9    Dex: 15    Spells: 17/57 levels left

rFire   + . .        c - staff of air
rCold   . . .        R - +0 buckler
rNeg    . . .        x - +1 leather armour {rPois}
rPois   +            t - +2 hat
rElec   +            r - +2 cloak
rCorr   .            k - +2 pair of gloves
SInv    .            j - +2 pair of boots
Will    +....        T - amulet of reflection
Stlth   +++          G - ring of magical power
HPRegen 0.38/turn    P - ring of protection from fire
MPRegen 0.33/turn

%: reflection
@: channelling
A: no striking features
}: 1/15 runes: serpentine
a: Renounce Religion, Channel Magic, Forget Spell, Divine Exegesis


You were on level 1 of the Elven Halls.
You worshipped Sif Muna.
Sif Muna was greatly pleased with you.
You visited 6 branches of the dungeon, and saw 28 of its levels.
You also visited: Sewer.

You collected 2472 gold pieces.
You spent 1208 gold pieces at shops.

Inventory:

Hand Weapons
 f - a +1 dagger of venom
Missiles
 q - 51 poisoned darts
 F - 6 curare-tipped darts
Armour
 j - a +2 pair of boots (worn)
 k - a +2 pair of gloves (worn)
 r - a +2 cloak (worn)
 t - a +2 hat (worn)
 x - a +1 leather armour of poison resistance (worn)
 M - +0 steam dragon scales
 R - a +0 buckler (worn)
 V - a +2 robe of fire resistance
Magical Staves
 c - a staff of air (weapon)
Jewellery
 a - the ring "Duporur" {+Blink Fly SInv}
   (You acquired it on level 10 of the Dungeon)

   [ring of flight]

   SInv:      It lets you see invisible.
   Fly:       It grants you flight.
   +Blink:    It lets you blink.
 s - a +4 ring of protection
 G - a ring of magical power (left hand)
 N - an amulet of regeneration
 P - a ring of protection from fire (right hand)
 T - an amulet of reflection (around neck)
 W - a ring of protection from fire
 Y - a +5 ring of evasion
Wands
 E - a wand of flame (64)
 J - a wand of iceblast (15)
 K - a wand of paralysis (28)
 L - a wand of polymorph (13)
 S - a wand of mindburst (10)
Scrolls
 d - 3 scrolls of noise
 e - 4 scrolls of amnesia
 i - 15 scrolls of teleportation
 l - 3 scrolls of poison
 n - 3 scrolls of immolation
 p - 2 scrolls of blinking
 v - 6 scrolls of enchant weapon
 w - 2 scrolls of summoning
 y - 3 scrolls of silence
 C - 8 scrolls of fear
 D - 4 scrolls of fog
 O - a scroll of vulnerability
 Q - 3 scrolls of revelation
 X - 4 scrolls of identify
Potions
 b - a potion of magic
 g - 3 potions of brilliance
 h - 9 potions of curing
 m - 4 potions of mutation
 o - 2 potions of heal wounds
 u - 6 potions of might
 z - 4 potions of invisibility
 A - 5 potions of enlightenment
 B - 6 potions of attraction
 H - 5 potions of lignification
 Z - a potion of cancellation
Miscellaneous
 I - a box of beasts
 U - a lightning rod (4/4)


   Skills:
 + Level 12.8 Fighting
 - Level 2.4 Dodging
 - Level 5.2 Stealth
 + Level 20.6 Spellcasting
 + Level 17.3 Conjurations
 + Level 17.5 Air Magic
 - Level 5.0 Alchemy
 - Level 7.0 Invocations


You had 17 spell levels left.
You knew the following spells:

 Your Spells              Type           Power      Damage    Failure   Level
a - Shock                 Conj/Air       100%       1d9       0%          1
b - Static Discharge      Conj/Air       100%       3-8/arc   0%          2
c - Swiftness             Air            100%       N/A       0%          3
d - Airstrike             Air            57%        2d(9-25)  1%          4
e - Olgreb's Toxic Radia  Alch           56%        N/A       4%          4
f - Iskenderun's Mystic   Conj/Tloc      69%        2d14      (+2d71%     4
g - Arcjolt               Conj/Air       57%        1d67      1%          5
h - Irradiate             Conj/Alch      38%        3d24      1%          5
i - Fireball              Conj/Fire      34%        3d14      3%          5
j - Orb of Destruction    Conj           46%        9d12      2%          7

Your spell library contained the following spells:

 Spells                   Type           Power      Damage    Failure   Level
 Magic Dart               Conj           100%       1d8       0%          1
 Cigotuvi's Dreadful Rot  Necr/Alch/Air  100%       N/A       1%          2
 Dazzling Flash           Conj/Hex       100%       N/A       1%          3
 Mephitic Cloud           Conj/Alch/Air  100%       N/A       1%          3
 Stone Arrow              Conj/Erth      100%       3d13      1%          3
 Flame Wave               Conj/Fire      69%        2d16      1%          4
 Fulminant Prism          Conj/Alch      38%        3d18      1%          4
 Vhi's Electric Charge    Tloc/Air       100%       N/A       1%          4
 Conjure Ball Lightning   Conj/Air       57%        3x3d21    1%          6
 Call Imp                 Summ           58%        N/A       6%          2
 Sublimation of Blood     Necr           29%        N/A       6%          2
 Fugue of the Fallen      Necr           29%        N/A       12%         3
 Passwall                 Erth           29%        N/A       12%         3
 Volatile Blastmotes      Fire/Tloc      58%        2d14      12%         3
 Ignite Poison            Fire/Alch      44%        N/A       14%         4
 Petrify                  Alch/Erth      44%        N/A       14%         4
 Bombard                  Conj/Erth      34%        9d6       17%         6
 Plasma Beam              Fire/Air       44%        2x1d58    17%         6
 Starburst                Conj/Fire      34%        6d10      17%         6
 Maxwell's Capacitive Co  Air            57%        ∞         19%         8
 Anguish                  Hex/Necr       14%        N/A       36%         4
 Animate Dead             Necr           29%        N/A       36%         4
 Summon Blazeheart Golem  Fire/Summ      29%        N/A       36%         4
 Eringya's Noxious Bog    Alch           28%        4d6       61%         6
 Spellforged Servitor     Conj/Summ      34%        N/A       67%         7
 Borgnjor's Vile Clutch   Necr/Erth      14%        N/A       73%         5
 Summon Forest            Summ/Tloc      14%        N/A       73%         5
 Death Channel            Necr           14%        N/A       99%         6
 Ozocubu's Refrigeration  Ice            14%        4d10      100%        7
 Summon Hydra             Summ           14%        N/A       100%        7
 Discord                  Hex            14%        N/A       100%        8


Dungeon Overview and Level Annotations

Branches:
Dungeon (15/15)            Temple (1/1) D:6            Lair (5/5) D:9
 Shoals (0/4) Lair:2        Snake (4/4) Lair:2        Slime (0/5) Lair:4
    Orc (2/2) D:9             Elf (1/3) Orc:2        Vaults (0/5) D:13
  Sewer (visited)
 Depths: D:15

Altars:
Ashenzari
Cheibriados
Dithmenos
Elyvilon
Fedhas
Gozag
Hepliaklqana
Kikubaaqudgha
Makhleb
Nemelex Xobeh
Okawaru
Qazlal
Ru
Sif Muna
Trog
Uskayaw
Vehumet
Wu Jian
Xom
Yredelemnul
Zin
The Shining One
Beogh
Jiyva
Lugonu

Shops:
D:6 [   D:7 *   D:12 [   Orc:1 *::   Orc:2 *([:   Elf:1 [*   Snake:2 *(?

Portals:
Abyss: Lair:5

Annotations:
D:6 3 runed translucent doors, JoadsterXIII's ghost, novice CoGl; jasper's ghost, novice DEEn; jfitz's ghost, novice MDRe; pokeman's ghost, novice DEHW
D:10 1 runed translucent door, bakla's ghost, journeyman CoGl
Lair:4 Kirke
Snake:2 Mlioglotl
Elf:1 19 runed translucent doors


Message History

The thermic dynamo revs up and whimsically whirls.
A wild whirl of fire shoots out from the thermic dynamo at you.
The rebounding bolt of fire misses the thermic dynamo.
The rebounding bolt of fire hits you! You resist.
The rebounding bolt of fire hits you! You resist.
You block the thermic dynamo's attack. The thermic dynamo barely misses you.
A wild whirl of fire shoots out from the thermic dynamo at you.
The rebounding bolt of fire hits the thermic dynamo.
The thermic dynamo completely resists.
The rebounding bolt of fire hits you! You resist.
The rebounding bolt of fire misses you.
Casting: Airstrike (safe; 1% risk of failure)
Confirm with . or Enter, or press ? or * to list all spells.
You feel a surge of power!
Electricity surges outward!
The thermic dynamo is struck by an electric surge.
A wild whirl of fire shoots out from the thermic dynamo at you.
The rebounding bolt of fire misses you.
A wild whirl of ice shoots out from the thermic dynamo at you.
The rebounding bolt of cold hits the thermic dynamo.
The thermic dynamo completely resists.
The rebounding bolt of cold hits you!! x2
Unknown command.
Casting: Arcjolt (safe; 1% risk of failure)
Confirm with . or Enter, or press ? or * to list all spells.
You feel a surge of power!
Electricity surges outward!
The thermic dynamo is struck by an electric surge!
The thermic dynamo is lightly damaged.
The thermic dynamo hits you.
You are engulfed in flames!
You resist. The thermic dynamo closely misses you.
The thermic dynamo overflows with ice and vents excess cold at you.
The rebounding bolt of cold hits the thermic dynamo.
The thermic dynamo completely resists.
The rebounding bolt of cold misses you. x2
Unknown command.
Casting: Arcjolt (safe; 1% risk of failure)
Confirm with . or Enter, or press ? or * to list all spells.
You erupt in a blast of force!
The mystic blast hits the thermic dynamo!!
The thermic dynamo is severely damaged.
The thermic dynamo is knocked back by the mystic blast.
The thermic dynamo overflows with ice and vents excess cold at you.
The rebounding bolt of cold hits you!!!
You die...

.###....!.##
..#........##
.....)>.....##
...v.........+
............#
#v.......#
#...$)..# #@#
#.# #.# #.#
#.# ###.###
+.)...#
###...#
.............#
##.##


You could see 2 thermic dynamos.

Vanquished Creatures
  Saint Roka (Orc:2)
  Jorgrun (D:15)
  A quicksilver dragon (Snake:4)
  Agnes (D:15)
  3 nagarajas (Snake:4)
  An ironbound preserver (D:13)
  The ghost of Qaeguxoz the Eclecticist, a journeyman MDNe of Cheibriados (D:13)
  A deep elf death mage (Orc:2)
  Azrael (D:15)
  An ettin (D:13)
  Snorg (Lair:4)
  A fire dragon (D:15)
  Erolcha (D:9)
  2 ogre magi
  7 hydras
  4 salamander tyrants (Snake:4)
  7 two-headed ogres
  4 boulder beetles
  3 anacondas
  8 centaur warriors
  3 dancing weapons (Elf:1)
  2 thrashing horrors (Lair:5)
  The ghost of packetloss the Cleaver, a novice CoBe of Trog (D:9)
  2 tengu warriors
  11 naga sharpshooters
  An orc high priest (Orc:2)
  9 death yaks
  12 naga warriors
  2 shock serpents
  4 deep elf knights (Elf:1)
  3 salamander mystics
  7 naga ritualists
  2 harpies (shapeshifter)
  14 mana vipers
  Pikel (D:7)
  An arcanist (D:13)
  3 thermic dynamos (Elf:1)
  11 deep elf pyromancers
  6 orc knights
  17 salamanders
  A wolf spider (D:12)
  12 ugly things
  3 deep elf zephyrmancers (Elf:1)
  An oklob plant (Lair:2)
  3 orc sorcerers (Orc:2)
  8 cyclopes
  2 manticores (D:15)
  A large abomination (Lair:5)
  7 meliai
  4 kobold blastminers (Orc:2)
  41 black mambas
  An ice statue (Elf:1)
  A torpor snail (Lair:2)
  12 naga magi
  A molten gargoyle (D:15)
  An unseen horror (D:10)
  3 gargoyles
  3 efreet
  An unseen horror (shapeshifter) (D:13)
  8 guardian serpents
  A freezing wraith (D:12)
  3 kobold demonologists (D:12)
  8 cane toads
  3 rime drakes
  A yaktaur (D:12)
  10 komodo dragons
  2 tengu conjurers (D:13)
  A queen bee (shapeshifter) (D:13)
  7 trolls
  A polar bear (shapeshifter) (Lair:5)
  4 hornets
  3 polar bears
  A raiju (Lair:5)
  20 blink frogs
  16 dream sheep
  2 slime creatures
  A spriggan (shapeshifter) (D:12)
  8 small abominations (Lair:5)
  A ynoxinul (Lair:5)
  An air elemental (Elf:1)
  A wraith (D:10)
  4 basilisks
  2 wyverns (D:9)
  2 shadows (D:13)
  7 hogs (Lair:4)
  72 yaks
  Eustachio (D:4)
  3 fire elementals
  Grum (D:8)
  6 wargs
  2 chaos spawn (Lair:5)
  3 steam dragons
  5 vampire mosquitoes
  33 nagas
  An acid dragon (shapeshifter) (Lair:5)
  5 acid dragons
  12 water moccasins
  5 hell hounds (D:15)
  27 orc warriors
  4 black bears
  An ice beast (D:7)
  2 laughing skulls (D:12)
  A black bear (shapeshifter) (D:12)
  2 wolves (D:8)
  A tengu (shapeshifter) (Lair:5)
  9 ogres
  10 centaurs
  3 lemures (D:7)
  Blork the orc (D:4)
  9 bullfrogs
  4 kobold brigands
  A scorpion (D:6)
  2 gnoll sergeants
  19 wights
  5 killer bees (D:9)
  3 electric eels
  5 howler monkeys
  A jelly (D:6)
  5 bombardier beetles
  16 orc priests
  A sleepcap (D:7)
  Jessica (D:3)
  4 iguanas
  18 orc wizards
  6 hell rats
  9 gnolls
  4 adders
  4 river rats (Sewer)
  4 white imps
  3 dart slugs
  A ribbon worm (D:2)
  69 orcs
  8 endoplasms
  8 giant cockroaches
  9 goblins
  5 hobgoblins
  6 jackals (D:1)
  4 quokkas
  11 ball pythons
  4 bats
  5 frilled lizards
  25 kobolds
  10 rats
885 creatures vanquished.

Notes
Turn   | Place    | Note
-------+----------+-------------------------------------------
     0 | D:1      | whatisthis the Deep Elf Air Elementalist began the quest
                  | for the Orb.
     0 | D:1      | Reached XP level 1. HP: 10/10 MP: 6/6
   117 | D:1      | Reached XP level 2. HP: 14/15 MP: 0/8
   124 | D:1      | Learned a level 2 spell: Static Discharge
   652 | D:1      | Reached XP level 3. HP: 19/19 MP: 8/10
   853 | D:1      | Found a faded altar of an unknown god.
  1452 | D:1      | Learned a level 3 spell: Swiftness
  1631 | D:2      | Reached skill level 4 in Spellcasting
  1631 | D:2      | Reached XP level 4. HP: 24/24 MP: 10/12
  2330 | D:3      | Found a glowing drain.
  2338 | Sewer    | Entered a sewer
  2518 | Sewer    | Learned a level 4 spell: Airstrike
  2558 | Sewer    | Reached XP level 5. HP: 28/28 MP: 9/13
  2657 | D:3      | Noticed Jessica
  2896 | D:3      | Reached skill level 5 in Spellcasting
  2896 | D:3      | Reached XP level 6. HP: 32/32 MP: 1/15
  3152 | D:3      | Killed Jessica
  3380 | D:3      | Found a shimmering altar of Xom.
  3580 | D:4      | Found a glowing golden altar of the Shining One.
  3664 | D:4      | Noticed Eustachio
  3670 | D:4      | Killed Eustachio
  3671 | D:4      | Reached skill level 5 in Stealth
  3671 | D:4      | Reached skill level 5 in Air Magic
  3977 | D:4      | Reached XP level 7. HP: 36/36 MP: 13/17
  4014 | D:4      | Found a hide-covered altar of Uskayaw.
  4455 | D:4      | Noticed Blork the orc
  4458 | D:4      | Killed Blork the orc
  4459 | D:4      | Reached skill level 6 in Spellcasting
  4585 | D:5      | Entered Level 5 of the Dungeon
  4789 | D:5      | Found a sacrificial altar of Ru.
  5183 | D:5      | Reached skill level 5 in Conjurations
  5283 | D:5      | Found an iron altar of Okawaru.
  5474 | D:6      | Found a staircase to the Ecumenical Temple.
  5485 | Temple   | Entered the Ecumenical Temple
  5552 | D:6      | Reached skill level 7 in Spellcasting
  5618 | D:6      | Found Ydihig's Antique Armour Shoppe.
  5698 | D:6      | Found a sparkling altar of Nemelex Xobeh.
  5803 | D:6      | Reached XP level 8. HP: 41/41 MP: 15/20
  5987 | D:6      | Found a runed translucent gate.
  5987 | D:6      | Found a runed translucent gate.
  5987 | D:6      | Found a runed translucent gate.
  5989 | D:6      | Noticed jfitz's ghost (novice MDRe)
  5989 | D:6      | Noticed jasper's ghost (novice DEEn)
  5991 | D:6      | Noticed pokeman's ghost (novice DEHW)
  5991 | D:6      | Noticed JoadsterXIII's ghost (novice CoGl)
  6754 | D:7      | Found a broken altar of Ashenzari.
  6757 | D:7      | Reached skill level 8 in Spellcasting
  6928 | D:7      | Found Ubba's Assorted Antiques.
  7508 | D:7      | Found a burning altar of Makhleb.
  7514 | D:7      | Found a glowing silver altar of Zin.
  7514 | D:7      | Noticed an angel
  7515 | D:7      | Noticed a blizzard demon
  7606 | D:7      | Noticed Pikel
  7734 | D:7      | Killed Pikel
  7735 | D:7      | Reached skill level 9 in Spellcasting
  7735 | D:7      | Reached XP level 9. HP: 45/45 MP: 15/24
  8124 | D:8      | Noticed Grum
  8239 | D:8      | Reached skill level 10 in Spellcasting
  8253 | D:8      | Killed Grum
  8508 | D:8      | Reached skill level 1 in Fighting
  8508 | D:8      | Reached skill level 1 in Alchemy
  8946 | D:8      | Reached XP level 10. HP: 54/54 MP: 20/26
  9031 | D:7      | Learned a level 4 spell: Olgreb's Toxic Radiance
  9288 | D:7      | Reached skill level 5 in Alchemy
  9929 | D:8      | Found an ornate altar of the Wu Jian Council.
 10006 | D:8      | Found a shadowy altar of Dithmenos.
 10015 | D:8      | Found a radiant altar of Vehumet.
 10224 | D:9      | Reached skill level 11 in Spellcasting
 10276 | D:9      | Found a staircase to the Lair.
 10380 | D:9      | Found a stormy altar of Qazlal.
 10833 | D:9      | Found a staircase to the Orcish Mines.
 10834 | D:9      | Found a white marble altar of Elyvilon.
 10857 | D:9      | Noticed Erolcha
 10861 | D:9      | Found a runed translucent door.
 10864 | D:9      | Noticed packetloss's ghost (novice CoBe)
 10880 | D:9      | Found a shimmering blue altar of Sif Muna.
 10885 | D:9      | Became a worshipper of Sif Muna the Loreminder
 11352 | D:10     | Entered Level 10 of the Dungeon
 11693 | D:10     | Reached skill level 5 in Fighting
 11779 | D:10     | Found an opulent altar of Gozag.
 11986 | D:10     | Identified a scroll of acquirement
 11987 | D:10     | Acquired the ring "Duporur" {+Blink Fly SInv}
 12077 | D:10     | Noticed a tengu warrior
 12104 | D:10     | Reached XP level 11. HP: 63/63 MP: 10/28
 12434 | D:10     | Found a runed translucent door.
 12434 | D:10     | Found a shimmering altar of Xom.
 12434 | D:10     | Noticed bakla's ghost (journeyman CoGl)
 12435 | D:10     | Noticed a +1 rapier of chaos
 12449 | D:10     | Killed a tengu warrior
 12743 | Lair:1   | Entered Level 1 of the Lair of Beasts
 12747 | Lair:1   | Reached skill level 12 in Spellcasting
 12747 | Lair:1   | Reached skill level 10 in Air Magic
 12812 | Lair:1   | Reached * piety under Sif Muna
 13924 | Lair:2   | Found a staircase to the Shoals.
 14289 | Lair:2   | Reached skill level 10 in Conjurations
 14373 | Lair:2   | Noticed a seven-headed hydra
 14677 | Lair:2   | Reached skill level 13 in Spellcasting
 14766 | Lair:2   | Found a blossoming altar of Fedhas.
 14785 | Lair:2   | Noticed an oklob plant
 14882 | Lair:2   | Killed an oklob plant
 15030 | Lair:2   | Killed a seven-headed hydra
 15187 | Lair:2   | Found a staircase to the Snake Pit.
 15405 | Lair:3   | Noticed a boulder beetle
 15412 | Lair:3   | Killed a boulder beetle
 15532 | Lair:3   | Reached XP level 12. HP: 71/71 MP: 29/31
 15719 | Lair:3   | Reached ** piety under Sif Muna
 15873 | Lair:3   | Found a white marble altar of Elyvilon.
 15884 | Lair:3   | Noticed a death yak
 15888 | Lair:3   | Noticed a death yak
 15904 | Lair:3   | Killed a death yak
 15911 | Lair:3   | Killed a death yak
 16094 | Lair:3   | Reached skill level 14 in Spellcasting
 16113 | Lair:3   | Noticed a six-headed hydra
 16116 | Lair:3   | Killed a six-headed hydra
 16415 | Lair:3   | an oklob plant changed into a shambling mangrove
 16415 | Lair:3   | Noticed a shambling mangrove
 16416 | Lair:3   | Identified the +1 chain mail of Anarchy {rF+ Int+2}
 16769 | Lair:3   | Noticed a death yak
 16776 | Lair:3   | Killed a death yak
 17111 | Lair:3   | Paralysed by a hornet for 1 turns
 17126 | Lair:3   | Reached *** piety under Sif Muna
 17208 | Lair:4   | Noticed Snorg
 17227 | Lair:4   | Killed Snorg
 17352 | Lair:4   | Noticed Kirke
 17362 | Lair:4   | Reached XP level 13. HP: 78/78 MP: 33/33
 17559 | Lair:4   | Found a viscous altar of Jiyva.
 17559 | Lair:4   | Found a staircase to the Slime Pits.
 17759 | Lair:4   | Reached skill level 15 in Spellcasting
 18104 | Lair:4   | Learned a level 4 spell: Iskenderun's Mystic Blast
 18405 | Lair:4   | Reached **** piety under Sif Muna
 18712 | Lair:5   | Entered Level 5 of the Lair of Beasts
 18896 | Lair:5   | Reached skill level 1 in Invocations
 20815 | Lair:5   | Reached skill level 16 in Spellcasting
 21086 | Lair:5   | Reached ***** piety under Sif Muna
 21433 | Lair:5   | Reached XP level 14. HP: 84/86 MP: 21/36
 21595 | Lair:5   | Identified the +4 flail "Cuacselo" {vamp, rN+ Dex+3}
 21669 | Lair:5   | Found a corrupted altar of Lugonu.
 21669 | Lair:5   | Found a one-way gate to the infinite horrors of the Abyss.
 21674 | Lair:5   | Identified the staff of the Maze {rN+ Earth}
 23703 | D:12     | Found Sihuj's Armour Boutique.
 24021 | D:12     | Reached skill level 5 in Invocations
 24147 | D:12     | Identified the +1 leather armour "Zurur" {rN+ Dex+5 Slay-2
                  | SInv}
 24530 | D:12     | Received a gift from Sif Muna
 24533 | D:12     | Got Sif Muna's Essays on Bolts {god gift}
 24649 | D:12     | Learned a level 5 spell: Arcjolt
 24655 | D:12     | Learned a level 5 spell: Irradiate
 24661 | D:12     | Learned a level 5 spell: Fireball
 24669 | D:12     | Learned a level 7 spell: Orb of Destruction
 25124 | D:13     | Found a sparkling altar of Nemelex Xobeh.
 25280 | D:13     | Found a gate to the Vaults.
 25280 | D:13     | Noticed an ironbound preserver
 25460 | D:13     | Reached skill level 17 in Spellcasting
 25555 | D:13     | Killed an ironbound preserver
 25556 | D:13     | Reached skill level 10 in Fighting
 25934 | D:13     | Found a runed translucent gate.
 25935 | D:13     | Found a runed translucent gate.
 25937 | D:13     | Found a runed translucent gate.
 25939 | D:13     | Noticed Qaeguxoz's ghost (journeyman MDNe)
 26247 | D:13     | Found a roughly hewn altar of Beogh.
 26302 | D:13     | Killed Qaeguxoz's ghost
 26985 | D:13     | Reached XP level 15. HP: 80/92 MP: 0/38
 28517 | D:15     | Entered Level 15 of the Dungeon
 28809 | D:15     | Reached skill level 15 in Air Magic
 28999 | D:15     | Received a gift from Sif Muna
 29000 | D:15     | Got Sif Muna's Excursus on the Scorched Compass {god gift}
 29691 | D:15     | Noticed Azrael
 29696 | D:15     | Noticed Jorgrun
 29881 | D:15     | Killed Jorgrun
 29882 | D:15     | Reached skill level 18 in Spellcasting
 29939 | D:15     | Killed Azrael
 29940 | D:15     | Reached skill level 15 in Conjurations
 30221 | D:15     | Noticed Agnes
 30228 | D:15     | Killed Agnes
 31350 | D:9      | Killed Erolcha
 31604 | D:9      | Killed packetloss's ghost
 31710 | Orc:1    | Entered Level 1 of the Orcish Mines
 31906 | Orc:2    | Entered Level 2 of the Orcish Mines
 32083 | Orc:1    | Received a gift from Sif Muna
 32221 | Orc:1    | Found Molawn's Book Shoppe.
 32259 | Orc:1    | Found Hacomm's Book Shop.
 32281 | Orc:1    | Found Ulugourph's General Store.
 32836 | Orc:2    | Found a staircase to the Elven Halls.
 32929 | Orc:2    | Paralysed by an orc sorcerer for 5 turns
 33733 | Orc:2    | Noticed Saint Roka
 33747 | Orc:2    | Killed Saint Roka
 33864 | Orc:2    | Found a roughly hewn altar of Beogh.
 33867 | Orc:2    | Found Neam's General Store.
 34011 | Orc:2    | Found Baesyad's Antique Armour Emporium.
 34354 | Orc:2    | Found a roughly hewn altar of Beogh.
 34451 | Orc:2    | Found Merghuorur's Book Emporium.
 34466 | Orc:2    | Found Sonon's Antique Weapon Emporium.
 34662 | Orc:1    | Bought a scroll of amnesia for 48 gold pieces
 34662 | Orc:1    | Bought a scroll of fear for 48 gold pieces
 34662 | Orc:1    | Bought a scroll of blinking for 90 gold pieces
 34662 | Orc:1    | Bought a scroll of revelation for 90 gold pieces
 34699 | Orc:2    | Bought a potion of enlightenment for 80 gold pieces
 34699 | Orc:2    | Bought a potion of curing for 48 gold pieces
 34699 | Orc:2    | Bought a scroll of identify for 32 gold pieces
 34699 | Orc:2    | Bought a scroll of fog for 64 gold pieces
 34775 | Snake:1  | Entered Level 1 of the Snake Pit
 35424 | Snake:1  | Reached XP level 16. HP: 100/100 MP: 27/40
 35963 | Snake:1  | Reached skill level 19 in Spellcasting
 36229 | Snake:1  | Received a gift from Sif Muna
 36230 | Snake:1  | Got Sif Muna's Parchment of Torrid Conjuring {god gift}
 37440 | Snake:2  | Noticed Mlioglotl
 38490 | Snake:2  | Found Ogacruon's General Store.
 38493 | Snake:2  | Found Feawnutau's Antique Weapon Shop.
 38495 | Snake:2  | Found Akeph's Magic Scroll Boutique.
 38499 | Snake:2  | Bought a scroll of identify for 40 gold pieces
 38499 | Snake:2  | Bought a scroll of summoning for 190 gold pieces
 38499 | Snake:2  | Bought a potion of brilliance for 80 gold pieces
 38499 | Snake:2  | Bought a potion of invisibility for 160 gold pieces
 38503 | Snake:2  | Bought a scroll of teleportation for 42 gold pieces
 38503 | Snake:2  | Bought a scroll of teleportation for 42 gold pieces
 38503 | Snake:2  | Bought a scroll of identify for 28 gold pieces
 38503 | Snake:2  | Bought a scroll of teleportation for 42 gold pieces
 38503 | Snake:2  | Bought a scroll of fear for 56 gold pieces
 38503 | Snake:2  | Bought a scroll of identify for 28 gold pieces
 39712 | Snake:3  | HP: 3/101 [naga sharpshooter/arrow (20)]
 40206 | Snake:4  | Entered Level 4 of the Snake Pit
 41105 | Snake:4  | Reached skill level 20 in Spellcasting
 41445 | Snake:4  | Reached XP level 17. HP: 107/107 MP: 24/43
 41580 | Snake:4  | Received a gift from Sif Muna
 41581 | Snake:4  | Got Sif Muna's Parchment of Toxicology and Shadows {god
                  | gift}
 43275 | Snake:4  | Noticed a quicksilver dragon
 43280 | Snake:4  | Killed a quicksilver dragon
 43459 | Snake:4  | Got a serpentine rune of Zot
 43774 | Elf:1    | Entered Level 1 of the Elven Halls
 44530 | Elf:1    | Identified the +4 rapier of Teja {venom, Will+ Str+4}
 44851 | Elf:1    | Found Zooph's Assorted Antiques.
 44853 | Elf:1    | Paralysed by an air elemental for 1 turns
 44893 | Elf:1    | Found Tiatuapn's Armour Boutique.
 45109 | Elf:1    | Found a huge runed translucent gate.
 45144 | Elf:1    | Found a huge runed translucent gate.
 45144 | Elf:1    | Found a huge runed translucent gate.
 45144 | Elf:1    | Found a huge runed translucent gate.
 45144 | Elf:1    | Found a huge runed translucent gate.
 45144 | Elf:1    | Found a huge runed translucent gate.
 45144 | Elf:1    | Found a huge runed translucent gate.
 45144 | Elf:1    | Found a huge runed translucent gate.
 45145 | Elf:1    | Found a huge runed translucent gate.
 45146 | Elf:1    | Found a huge runed translucent gate.
 45146 | Elf:1    | Found a huge runed translucent gate.
 45146 | Elf:1    | Found a huge runed translucent gate.
 45146 | Elf:1    | Found a huge runed translucent gate.
 45146 | Elf:1    | Found a huge runed translucent gate.
 45146 | Elf:1    | Found a huge runed translucent gate.
 45147 | Elf:1    | Found a huge runed translucent gate.
 45147 | Elf:1    | Found a huge runed translucent gate.
 45147 | Elf:1    | Found a huge runed translucent gate.
 45147 | Elf:1    | Found a huge runed translucent gate.
 45147 | Elf:1    | Noticed a deep elf blademaster
 45334 | Elf:1    | Killed from afar by a thermic dynamo

Illustrated notes

Levels and vault maps discovered:
D:1:      zelgadis_glass_arrival_small, layout_basic, serial_glass,
          glass_columns_c, glass_columns_a, glass_columns_c, glass_columns_c,
          glass_columns_b, feat_on_display, dreamdust_ecumenical_altar_statues,
          hangedman_decor_clover_reticule
D:2:      layout_rooms
D:3:      layout_loops_ring, mainiacjoe_overflow_concentric_impassable,
          mainiacjoe_sewer_entry_somewhere_in_here_2, minivault_24,
          kennysheep_another_room, minmay_joined_circles, uniq_jessica
D:4:      layout_basic, overflow_temple_1_default,
          mainiacjoe_overflow_boulevard, uniq_eustachio, uniq_blork_the_orc
D:5:      layout_gridville, lemuel_doored_altar, mainiacjoe_overflow_24_doors,
          minmay_strange_pillars
D:6:      layout_gridville, kennysheep_mini, temple_pool_b,
          gammafunk_ghost_cemetery, serial_shops, shop, blue_anna_alchemist,
          minmay_statues_item
D:7:      layout_loops_corners, grunt_temple_overflow_order_and_chaos_2,
          mainiacjoe_overflow_paths, serial_shops, shop, minmay_misc_feat_roman,
          uniq_pikel
D:8:      layout_rooms, nicolae_wu_jian_glorious_leap,
          mainiacjoe_overflow_swirl, nicolae_two_hexagons,
          serial_bayou_lagoon_a, uniq_grum
D:9:      layout_loops_ring, lemuel_tele_altar, nicolae_sif_muna_little_library,
          overflow_temple_1_default, lair_entry_dummy, orc_0_dummy,
          ebering_ghost_reflecting_pool, uniq_erolcha
D:10:     layout_loops_corners, nicolae_gozag_seed_capital, ebering_ghost_xom
D:11:     layout_basic
D:12:     minmay_stepped, layout_gridville, serial_shops, shop
D:13:     hangedman_cross_veins, layout_cave_pools,
          skrybe_vaults_entry_preservation, biasface_ghost_orc_armoury,
          nemelex_diamond_rough_becter
D:14:     layout_loops_ring, kennysheep_path_1
D:15:     grunt_enter_depths_hoard, layout_basic, gauntlet_entry_generic,
          uniq_agnes, uniq_jorgrun, uniq_azrael
Temple:   nicolae_temple_bog_church
Lair:1:   layout_hall_layers, serial_rivers, chequers_serial_rivers_large_a,
          chequers_serial_rivers_micro_e, chequers_serial_rivers_small_3,
          chequers_serial_rivers_small_3, chequers_serial_rivers_small_b,
          dpeg_stationary_puzzle, lemuel_fruit_tree
Lair:2:   layout_regular_city, elwin_shoals_entry_rocks,
          minmay_snake_entry_guardpost_medium, tgw_fedhas, serial_bayou_shore_a
Lair:3:   layout_misc_corridors, basic_altar, minmay_lair_oklob_items,
          grunt_megastairs_4
Lair:4:   layout_cave_pods, dpeg_slime_entry_enclosed, uniq_snorg, uniq_kirke
Lair:5:   hellmonk_lair_end_abyssal_woods, layout_gridlike, grunt_megastairs_1
Snake:1:  kennysheep_six_static_rooms, layout_misc_corridors
Snake:2:  layout_layer_cave, gammafunk_ghost_necromancy, minmay_shop_star,
          uniq_mlioglotl, uniq_asterion, uniq_vashnia
Snake:3:  layout_rooms
Snake:4:  hellmonk_snake_rune_quicksilver_temple, layout_rooms
Orc:1:    layout_caves, serial_shops, shop, nicolae_book_shop_shelving, shop
Orc:2:    grunt_orc_cross, layout_caves, mines1_david
Elf:1:    elf_arrival_001, layout_gridlike, serial_shops, shop, shop, shop,
          shop, shop, portal_ice_cave_entry_ice_statue_one,
          nicolae_elf_shapeshifter_party, hangedman_elf_represent, uniq_aizul

Skill      XL: |  1  2  3  4  5  6  7  8  9 10 11 12 13 14 15 16 17 |
---------------+----------------------------------------------------+-----
Stealth        | 3 4 5 |  5.2
Conjurations   | 2 3 4 5 7 8 9 10 12 13 14 15 16 17 | 17.3
Spellcasting   | 4 5 7 9 10 11 13 14 16 17 18 20 | 20.6
Air Magic      | 4 5 6 8 9 11 12 13 14 15 17 | 17.5
Fighting       | 2 5 6 8 9 10 11 12 | 12.8
Alchemy        | 3 5 |  5.0
Invocations    | 3 5 7 |  7.0
Dodging        | |  2.4

Action                     |  1- 3 |  4- 6 |  7- 9 | 10-12 | 13-15 | 16-18 || total
---------------------------+-------+-------+-------+-------+-------+-------++-------
  Melee: Staff             |     8 |    10 |     4 |     4 |    12 |     1 ||    39
         Whip              |       |     8 |       |       |       |       ||     8
  Throw: Dart              |       |       |       |     2 |       |       ||     2
   Cast: Shock             |    65 |    63 |   102 |    51 |    88 |    12 ||   381
         Static Discharge  |       |    19 |    20 |    52 |    51 |       ||   142
         Airstrike         |       |     4 |    67 |   192 |   383 |   239 ||   885
         Swiftness         |       |       |     1 |     2 |     7 |     8 ||    18
         Olgreb's Toxic Ra |       |       |       |    42 |   124 |    12 ||   178
         Iskenderun's Myst |       |       |       |       |    15 |     3 ||    18
         Arcjolt           |       |       |       |       |    66 |    99 ||   165
         Fireball          |       |       |       |       |    41 |    63 ||   104
         Orb of Destructio |       |       |       |       |    22 |    27 ||    49
         Irradiate         |       |       |       |       |     2 |     3 ||     5
 Invoke: Channel Magic     |       |       |       |       |     1 |     7 ||     8
  Evoke: Wand              |       |       |       |     5 |    12 |     1 ||    18
         Lightning rod     |       |       |       |       |     4 |     1 ||     5
    Use: Scroll            |       |     6 |     3 |     9 |    14 |     5 ||    37
         Potion            |       |       |       |     2 |     2 |     3 ||     7
   Stab: Sleeping          |     1 |       |     1 |       |       |       ||     2
         Distracted        |       |       |       |       |     1 |     1 ||     2
 Armour: Robe              |    14 |    34 |    57 |    24 |       |       ||   129
         Steam dragon scal |       |       |       |   123 |   248 |       ||   371
         Leather armour    |       |       |       |       |    18 |   135 ||   153
  Dodge: Dodged            |    29 |    22 |    12 |    47 |    72 |    56 ||   238
  Block: Buckler           |       |       |       |       |    35 |    37 ||    72
         Reflection        |       |       |       |       |    16 |    14 ||    30

Table legend: (Time is in decaauts)
 A = Elapsed time spent in this place.
 B = Non-inter-level travel time spent in this place.
 C = Inter-level travel time spent in this place.
 D = Time resting spent in this place.
 E = Time spent auto-exploring this place.
 F = Levels seen in this place.
 G = Mean time per level.
                   A        B        C        D        E       F      G
               +--------+--------+--------+--------+--------+-----+--------+
         Total |  45439 |  43538 |   1901 |  19802 |  13681 |  29 | 1566.9 |
       Dungeon |  22317 |  21149 |   1168 |   7430 |   9229 |  15 | 1487.8 |
        Temple |     47 |     46 |      1 |     44 |      0 |   1 |   47.0 |
          Lair |   9870 |   9493 |    377 |   4590 |   2068 |   5 | 1974.0 |
     Snake Pit |   8314 |   8128 |    186 |   4857 |   1474 |   4 | 2078.5 |
  Orcish Mines |   3465 |   3298 |    167 |   1978 |    836 |   2 | 1732.5 |
   Elven Halls |   1137 |   1137 |      0 |    736 |     65 |   1 | 1137.0 |
         Sewer |    286 |    286 |      0 |    167 |      9 |   1 |  286.0 |
               +--------+--------+--------+--------+--------+-----+--------+

Top non-repeatable levels by time:
 Snake:4: 3235 daAuts
  Lair:5: 3140 daAuts
    D:13: 2706 daAuts
  Lair:2: 2574 daAuts
    D:12: 2174 daAuts
   Orc:2: 2062 daAuts
 Snake:1: 1990 daAuts
    D:15: 1782 daAuts
     D:8: 1780 daAuts
     D:7: 1774 daAuts
     D:9: 1649 daAuts
    D:14: 1649 daAuts
 Snake:2: 1572 daAuts
    D:10: 1530 daAuts
  Lair:3: 1521 daAuts
